 Dungeon Crawl Stone Soup version 0.19-a0-1899-g2d93087 (webtiles) character file.

383 dobroeutro the Bolt Thrower (level 7, 0/56 HPs)
             Began as a Formicid Hunter on Oct 19, 2016.
             Succumbed to Duvessa's poison
             ... on level 4 of the Dungeon.
             The game lasted 00:05:58 (3052 turns).

dobroeutro the Bolt Thrower (Formicid Hunter)       Turns: 3052, Time: 00:05:58

Health: 0/56       AC:  3    Str: 18    XL:     7   Next: 5%
Magic:  6/6        EV: 12    Int: 10    God:
Gold:   160        SH:  0    Dex: 12    Spells: 0 memorised, 6 levels left

rFire  x . .     SeeInvis +     a - +1 hand crossbow
rCold  + . .     Gourm    .     c - +0 leather armour
rNeg   + . .     Faith    .     (no shield)
rPois  +         Spirit   .     (helmet unavailable)
rElec  .         Reflect  .     (no cloak)
rCorr  .         Harm     .     (no gloves)
MR     .....                    (no boots)
Stlth  +.........               (no amulet)
                                n - ring of ice
                                k - ring of positive energy

@: lethally poisoned (0 -> -5), very slightly contaminated
A: permanent stasis, dig shafts and tunnels, four strong arms, antennae 3, low
mp 1, poison resistance, wild magic 1
a: Dig, Shaft Self


You were on level 4 of the Dungeon.
You were not hungry.

You visited 1 branch of the dungeon, and saw 4 of its levels.

You collected 160 gold pieces.

Inventory:

Hand Weapons
 a - a +1 hand crossbow (weapon)
 l - a +2 short sword of speed
 m - a +2 dagger of electrocution
Missiles
 d - 21 bolts (quivered)
Armour
 c - a +0 leather armour (worn)
Jewellery
 k - a ring of positive energy (left hand)
 n - a ring of ice (right hand)
Wands
 b - a wand of random effects (36/48)
Scrolls
 h - 2 scrolls of identify
Potions
 j - a potion of agility
Comestibles
 f - a bread ration
 g - 2 meat rations
 o - a chunk of flesh


   Skills:
 + Level 5.6 Fighting
 + Level 6.2 Crossbows
 - Level 1.7 Dodging
 - Level 1.2 Stealth


You had 6 spell levels left.
You didn't know any spells.

Dungeon Overview and Level Annotations

Branches:
Dungeon (4/15)
 Temple: D:4-7

Altars:
Cheibriados

Shops:
D:4 :[}


Innate Abilities, Weirdness & Mutations

You are under a permanent stasis effect.
You can dig through walls and to a lower floor.
Your four strong arms can wield two-handed weapons with a shield.
You have a pair of large antennae on your head. (SInv)
Your magical capacity is low. (-10% MP)
Your system is resistant to poisons. (rPois)
Your spells are a little harder to cast, but a little more powerful.


Message History

Found 7 gold pieces.
That item cannot be evoked!
Evoke which item? (* to show all) (? for menu, Esc to quit)
Zapping:
b - a wand of random effects {zapped: 2} (will waste charges)
Press: ? - help, Shift-Dir - straight line, f - you Really target yourself?
Your stasis keeps you stable.
Evoking this partially-identified wand wasted a few charges.
* * * LOW HITPOINT WARNING * * *
You feel sick.
There is a lethal amount of poison in your body!
* * * LOW HITPOINT WARNING * * *
You feel sick.
You see here a bolt.
* * * LOW HITPOINT WARNING * * *
You feel sick.
You see here 4 bolts.
Items here: % ( ) [ a short sword of venom; a leather armour; 5 bolts; 3 chunks of flesh You die...

....# .#..#### .......#
##. .......## ...
........######## ....
................ <....
###.##.#########
######..... #.##..#####
####........>.
#.###.....###.@)(#........
#.# ####......###((.......
# #..##### #......... #
....... #.....#+#. ..
#######.# ......# .. .#
.......### . . .....##....
# ... ..#....# #....
###... .....### #...


There were no monsters in sight!

Vanquished Creatures
  Duvessa (D:4)
  Dowan (D:4)
  An orc wizard (D:3)
  Robin (D:3)
  4 gnolls (D:3)
  5 adders
  4 worms
  A dart slug (D:2)
  3 leopard geckos (D:3)
  5 orcs (D:3)
  A bat zombie (D:1)
  3 giant cockroaches
  18 goblins
  7 hobgoblins
  2 jackals (D:3)
  A quokka (D:2)
  6 bats
  6 frilled lizards
  A giant cockroach zombie (D:1)
  9 kobolds
  13 rats
93 creatures vanquished.

Notes
Turn   | Place    | Note
-------+----------+-------------------------------------------
     0 | D:1      | dobroeutro the Formicid Hunter began the quest for the Orb.
     0 | D:1      | Reached XP level 1. HP: 16/16 MP: 1/1
   123 | D:1      | Reached XP level 2. HP: 4/23 MP: 2/2
   782 | D:1      | Noticed a howler monkey
   811 | D:2      | Reached XP level 3. HP: 7/28 MP: 3/3
  1407 | D:2      | Reached XP level 4. HP: 32/35 MP: 4/4
  1619 | D:3      | Noticed Robin
  1971 | D:3      | Killed Robin
  2012 | D:3      | Reached skill level 5 in Crossbows
  2103 | D:3      | Reached XP level 5. HP: 37/42 MP: 5/5
  2488 | D:3      | Found a snail-covered altar of Cheibriados.
  2623 | D:3      | Reached XP level 6. HP: 37/49 MP: 6/6
  2863 | D:4      | Found Maloynist's Gadget Boutique.
  2863 | D:4      | Found Bepo Hui's Antique Armour Shop.
  2865 | D:4      | Reached skill level 5 in Fighting
  2876 | D:4      | Found Mopoosui's Book Shop.
  2961 | D:4      | Noticed a phantom
  3016 | D:4      | Noticed Dowan
  3017 | D:4      | Noticed Duvessa
  3027 | D:4      | Killed Duvessa
  3027 | D:4      | Reached skill level 6 in Crossbows
  3030 | D:4      | Killed Dowan
  3030 | D:4      | Reached XP level 7. HP: 14/56 MP: 7/7
  3035 | D:4      | Gained mutation: Your spells are a little harder to cast, but a little more powerful. [potion of mutation]
  3035 | D:4      | Gained mutation: Your system is resistant to poisons. (rPois) [potion of mutation]
  3035 | D:4      | Gained mutation: Your magical capacity is low. (-10% MP) [potion of mutation]
  3048 | D:4      | HP: 2/56 [poisoned by Duvessa]
  3052 | D:4      | Succumbed to Duvessa's poison

Vault maps used:
D:1:      saegor_arrival_fortress, roderic_aztec_sauvastika
D:3:      cheibriados_altar_1, uniq_robin
D:4:      serial_shops, shop, nicolae_shop_temple_entry_statues_fountains,
          nicolae_shop_competitors_out_of_business,
          nicolae_shop_window_shopping, shop_fountains, uniq_duvessa,
          uniq_edmund, uniq_natasha

Skill      XL: |  1  2  3  4  5  6 |
---------------+-------------------+-----
Fighting       | 3 4 5 |  5.6
Crossbows      | 5 6 |  6.2
Dodging        | |  1.7
Stealth        | |  1.2

Action                   |  1- 3 |  4- 6 |  7- 9 || total
-------------------------+-------+-------+-------++-------
Melee: Short sword       |   104 |    76 |       ||   180
       Dagger            |    30 |    57 |       ||    87
 Fire: Hand crossbow     |     4 |    39 |       ||    43
 Abil: Dig               |     1 |     1 |       ||     2
Evoke: Wand              |       |       |     2 ||     2
  Use: Scroll            |       |     4 |       ||     4
       Potion            |       |       |     3 ||     3
 Stab: Sleeping          |     1 |     2 |       ||     3
  Eat: Chunk             |     2 |     5 |       ||     7
Armor: Leather armour    |    38 |    33 |       ||    71
Dodge: Dodged            |    70 |    84 |       ||   154
